 Dungeon Crawl Stone Soup version 0.27.0-1-g7a089689b8 (webtiles) character file.

Game seed: 17595907982340133331

55 horus123 the Skirmisher (level 3, -1/31 HPs)
             Began as a Demigod Fighter on Aug 1, 2021.
             Slain by a goblin (3 damage)
             ... led by Robin
             ... on level 2 of the Dungeon.
             The game lasted 00:05:07 (1564 turns).

horus123 the Skirmisher (Demigod Fighter)           Turns: 1564, Time: 00:05:08

Health: -1/31      AC:  6    Str: 21    XL:     3   Next: 45%
Magic:  5/5        EV:  7    Int: 10    God:
Gold:   53         SH:  9    Dex: 13    Spells: 2/2 levels left

rFire    . . .     SeeInvis .   a - +0 long sword
rCold    . . .     Faith    .   c - +0 kite shield
rNeg     . . .     Spirit   .   b - +0 scale mail
rPois    .         Reflect  .   (no helmet)
rElec    .         Harm     .   (no cloak)
rCorr    .         Rampage  .   (no gloves)
Will     .....                  (no boots)
Stlth    ..........             (no amulet)
HPRegen  0.10/turn              (no ring)
MPRegen  0.09/turn              (no ring)

@: mighty
A: high mp 1, forlorn
a: no special abilities


You were on level 2 of the Dungeon.
You visited 1 branch of the dungeon, and saw 2 of its levels.

You collected 53 gold pieces.

Inventory:

Hand Weapons
 a - a +0 long sword (weapon)
Armour
 b - a +0 scale mail (worn)
 c - a +0 kite shield (worn)
Jewellery
 j - a ring of magical power
Scrolls
 e - a scroll of identify {unknown}
 f - a scroll of fear {unknown}
 i - a scroll of vulnerability {unknown}
Potions
 g - a potion of degeneration {unknown}
 h - a potion of brilliance {unknown}
 k - a potion of curing {unknown}


   Skills:
 + Level 3.4 Fighting
 + Level 2.4 Long Blades
 + Level 2.9 Armour
 + Level 0.2 Dodging
 + Level 2.9 Shields


You had 2 spell levels left.
You didn't know any spells.
Your spell library contained the following spells:

 Spells                   Type           Power      Damage    Failure   Level
 Fireball                 Conj/Fire      0%         3d3       100%        5
 Iskenderun's Battlesphe  Conj           0%         2d6       100%        5
 Conjure Ball Lightning   Conj/Air       0%         3x3d6     100%        6
 Orb of Destruction       Conj           0%         N/A       100%        7


Dungeon Overview and Level Annotations

Branches:
Dungeon (2/15)

Annotations:
D:2 Robin


Innate Abilities, Weirdness & Mutations

Your attributes grow dramatically as you level up.
You have an increased reservoir of magic. (+10% MP)
You shall have no god before yourself.


Message History

Robin roars a battlecry!
The goblins go into a battle-frenzy!
Items here: ! $ )))) ? †††.
You feel very mighty all of a sudden.
The hobgoblin hits you but does no damage.
The goblin shoots a stone.
You block the stone. Robin throws the goblin at you!
You closely miss the goblin. You block the hobgoblin's attack.
You block the goblin's attack. You block the hobgoblin's attack.
You slash the hobgoblin!
You kill the hobgoblin!
The goblin hits you with a +0 dagger.
The hobgoblin hits you but does no damage.
The goblin hits you with a +0 dagger.
You slash the hobgoblin!
You kill the hobgoblin!
The goblin hits you but does no damage. You block Robin's attack.
You barely miss Robin. You block the goblin's attack. You block Robin's attack.
The goblin hits you with a +0 dagger.
* * * LOW HITPOINT WARNING * * *
You hit Robin.
Robin is moderately wounded.
Robin hits you with a +0 dagger.
* * * LOW HITPOINT WARNING * * *
You block the goblin's attack. You block Robin's attack.
You slash Robin!
Robin is severely wounded.
The goblin hits you with a +0 dagger.
* * * LOW HITPOINT WARNING * * *
Robin hits you but does no damage.
You closely miss Robin.
Robin is severely wounded.
You block the goblin's attack.
Robin flexes a bicep menacingly.
Robin hits you but does no damage. The goblin hits you with a +0 dagger.
* * * LOW HITPOINT WARNING * * *
Robin barely misses you.
You closely miss Robin.
Robin is severely wounded.
The goblin hits you with a +0 dagger.
You die...

..[######....##..........>
................#..##.....
.#####.#..##....#....#...
##.....##.# ###...#..##..
#.......##.## ##.... #..
#.......##..## #...#...
........###..# ..#.
#.......####.##
#......gg@g)..#####.#
#.......#####........
#.......# #.####..#
....... #.g ....... .g..
.####.# ..... #. ....g.g
#. .....g.. ##......g.


You could see Robin and 2 goblins.

Vanquished Creatures
  An adder (D:2)
  2 dart slugs
  4 ball pythons
  3 endoplasms (D:1)
  4 giant cockroaches
  9 goblins
  4 hobgoblins
  4 jackals (D:1)
  A bat (D:2)
  2 frilled lizards
  3 kobolds (D:1)
  A rat (D:2)
38 creatures vanquished.

Notes
Turn   | Place    | Note
-------+----------+-------------------------------------------
     0 | D:1      | horus123 the Demigod Fighter began the quest for the Orb.
     0 | D:1      | Reached XP level 1. HP: 18/18 MP: 3/3
   573 | D:1      | Reached skill level 3 in Fighting
   619 | D:1      | Reached XP level 2. HP: 26/26 MP: 4/4
  1240 | D:2      | Reached XP level 3. HP: 27/31 MP: 5/5
  1526 | D:2      | Noticed Robin
  1564 | D:2      | Slain by a goblin

Illustrated notes

Levels and vault maps discovered:
D:1:      dpeg_arrival_shelter, layout_rooms
D:2:      layout_rooms, minmay_statues_item, uniq_robin, uniq_natasha,
          uniq_jessica

Skill      XL: |  1  2 |
---------------+-------+-----
Fighting       | 3 |  3.4
Long Blades    | 2 |  2.4
Armour         | |  2.9
Dodging        | |  0.2
Shields        | |  2.9

Action                   || total
-------------------------++-------
Melee: Long sword        ||   127
  Use: Potion            ||     1
Armor: Scale mail        ||    65
Dodge: Dodged            ||    28
Block: Kite shield       ||    86
       Rpst.: Long sword ||    10
